 Dungeon Crawl Stone Soup version 0.17.0-25-gefc9c12 (webtiles) character file.

166 Raultor the Insei (level 5, -1/37 HPs)
             Began as an Octopode Monk on Nov 18, 2015.
             Slain by Pikel
             ... wielding a +2 whip of freezing
              (8 damage)
             ... on level 4 of the Dungeon.
             The game lasted 00:08:09 (3077 turns).

Raultor the Insei (Octopode Monk)                   Turns: 3077, Time: 00:08:09

Health: -1/37      AC:  1    Str: 15    XL:     5   Next: 47%
Magic:  5/5        EV: 14    Int: 12    God:
Gold:   209        SH:  0    Dex: 16    Spells: 0 memorised, 4 levels left

rFire  . . .     SeeInvis .       - Unarmed
rCold  + . .     Clarity  +     (no shield)
rNeg   . . .     SustAt   .     (helmet restricted)
rPois  .         Gourm    .     r - amulet of clarity
rElec  .         Spirit   .     m - +5 ring of strength
rCorr  .         Warding  .     o - ring of protection from cold
rMut   .         Stasis   .     (no ring)
MR     .....                    (no ring)
Stlth  +++.......               (no ring)
                                (no ring)
                                (no ring)
                                (no ring)

@: not resistant to hostile enchantments, fairly stealthy
A: almost no armour, amphibious, 8 rings, constrict 8, camouflage 1, gelatinous
body 1
a: no special abilities


You were on level 4 of the Dungeon.
You were not hungry.

You visited 1 branch of the dungeon, and saw 4 of its levels.

You collected 209 gold pieces.

Inventory:

Jewellery
 e - an uncursed amulet of rage
 m - a +5 ring of strength (left tentacle)
 o - a ring of protection from cold (right tentacle)
 r - an amulet of clarity (around mantle)
Scrolls
 b - a scroll of teleportation {unknown}
 c - a scroll of remove curse {unknown}
 d - 2 scrolls of enchant weapon {unknown}
 i - a scroll of blinking {unknown}
 l - 2 scrolls of enchant armour {unknown}
Potions
 g - a potion of curing {unknown}
 h - a potion of mutation {unknown}
 j - 2 potions of heal wounds {unknown}
 n - a potion of brilliance {unknown}
 p - a potion of resistance {unknown}
 q - a potion of invisibility {unknown}
Books
 k - a book of the Tempests

   Spells                             Type                      Level
   a - Static Discharge               Conjuration/Air              3
   b - Lightning Bolt                 Conjuration/Air              5
   c - Fireball                       Conjuration/Fire             5
   d - Tornado                        Air                          9
   e - Shatter                        Earth                        9
Comestibles
 a - 3 bread rations
 f - a meat ration


   Skills:
 + Level 4.1 Fighting
 + Level 4.2 Dodging
 - Level 2.6 Stealth
 + Level 5.0 Unarmed Combat


You had 4 spell levels left.
You didn't know any spells.

Dungeon Overview and Level Annotations

Branches:
Dungeon (4/15)
 Temple: D:4-7

Altars:
Kikubaaqudgha

Annotations:
D:2 Sigmund
D:3 septik's ghost, amateur GrFi
D:4 exclusions: ice beast, ogre and slave, Pikel


Innate Abilities, Weirdness & Mutations

You cannot wear most types of armour.
You are amphibious.
You can wear up to eight rings at the same time.
You can use your tentacles to constrict eight enemies at once.
Your skin changes colour to match your surroundings (Stealth).
Your rubbery body absorbs attacks (AC +1).


Message History

Pikel shouts!
Pikel hits you with a whip of freezing. Pikel freezes you.
The slave shouts!
You hear a shout!
You tentacle-slap Pikel. Your grab misses Pikel.
Pikel is lightly wounded.
You tentacle-slap Pikel but do no damage.
Your grab misses Pikel.
Pikel is lightly wounded.
Pikel hits you with a whip of freezing. Pikel freezes you.
You tentacle-slap Pikel but do no damage.
You grab Pikel. You squeeze Pikel.
Pikel is lightly wounded.
You constrict Pikel. Pikel hits you with a whip of freezing!
* * * LOW HITPOINT WARNING * * *
Pikel freezes you.
* * * LOW HITPOINT WARNING * * *
You tentacle-slap Pikel.
Pikel is moderately wounded.
You constrict Pikel, but do no damage. Pikel hits you with a whip of freezing!
You die...

### ######.#
#......# #.####[#
#. #.# ##. #@# ..
#K# #. #p#
.###.####.##.###
.................
........#.....###
.###.##.#.##..#
.p.##.#.##..##+##
#
#.##.#.##..#...#
###


You could see Pikel and a slave.

Vanquished Creatures
  A slave (D:4)
  An iguana (D:4)
  A hound (D:4)
  A worker ant zombie (D:3)
  A gnoll (D:4)
  An adder (D:2)
  An ooze (D:1)
  6 worms
  7 orcs
  4 bats
  2 giant cockroaches
  7 goblins
  3 hobgoblins
  8 jackals
  3 ball pythons (D:2)
  4 giant newts (D:2)
  2 kobolds
  8 rats
61 creatures vanquished.

Notes
Turn   | Place    | Note
--------------------------------------------------------------
     0 | D:1      | Raultor the Octopode Monk began the quest for the Orb.
     0 | D:1      | Reached XP level 1. HP: 16/16 MP: 1/1
   135 | D:1      | Reached XP level 2. HP: 9/21 MP: 2/2
   738 | D:2      | Reached XP level 3. HP: 26/26 MP: 3/3
   891 | D:2      | Noticed Sigmund
  1174 | D:3      | Noticed septik's ghost (amateur GrFi)
  1176 | D:3      | HP: 1/26 [septik's ghost (11)]
  1438 | D:2      | Reached XP level 4. HP: 27/32 MP: 4/4
  1708 | D:3      | Found a faded altar to an unknown god.
  1934 | D:3      | Found an ancient bone altar of Kikubaaqudgha.
  2279 | D:4      | Noticed an ice beast
  2301 | D:4      | Noticed an ogre
  2326 | D:4      | Reached XP level 5. HP: 24/37 MP: 5/5
  2351 | D:4      | Reached skill level 5 in Unarmed Combat
  2839 | D:4      | Noticed a slave
  2850 | D:4      | Noticed an ogre
  3029 | D:4      | Noticed a slave
  3040 | D:4      | Noticed a slave
  3049 | D:4      | Killed a slave
  3071 | D:4      | Noticed Pikel
  3071 | D:4      | Noticed a slave
  3077 | D:4      | Slain by Pikel

Action                   |  1- 3 |  4- 6 || total
-------------------------+-------+-------++-------
Melee: Unarmed           |    78 |    62 ||   140
 Stab: Sleeping          |    10 |     1 ||    11
  Eat: Chunk             |     1 |     4 ||     5
       Bread ration      |       |     1 ||     1
